[Event "Titled Tuesday Blitz May 24 Late 2022"]
[White "Harris, Ian"]
[Black "Redor, Menandro"]
[WhiteFideId "2020092"]
[BlackFideId "5222010"]
[WhiteElo "2419"]
[BlackElo "1986"]
[Result "0-1"]
[Round "04"]
[TimeControl "180+1"]
[Date "2022.05.25"]
[WhiteClock "0:00:02"]
[BlackClock "0:00:19"]

1. e4 c5 2. d4 cxd4 3. c3 g6 4. Nf3 Bg7 5. Bc4 e6 6. O-O Ne7 7. cxd4 d5 8. exd5 exd5 9. Bd3 O-O 10. Nc3 Nbc6 11. Be3 Bg4 12. Re1 Nxd4 13. Bxd4 Bxd4 14. Bxg6 Bxf3 15. Bxh7+ Kxh7 16. Qxf3 Bxc3 17. Qh5+ Kg7 18. bxc3 Ng6 19. Rad1 Re8 20. Rf1 Re5 21. Qg4 Qf6 22. h3 Rae8 23. g3 Rg5 0-1


[Site "https://www.chess.com"]

[Event "Titled Tuesday Blitz May 24 Late 2022"]
[White "Hasangatin, Ramil"]
[Black "Svane, Rasmus"]
[WhiteFideId "4122160"]
[BlackFideId "4657101"]
[WhiteElo "2399"]
[BlackElo "2674"]
[Result "0-1"]
[Round "04"]
[TimeControl "180+1"]
[Date "2022.05.24"]
[WhiteClock "0:00:36"]
[BlackClock "0:01:54"]

1. e4 c6 2. Nf3 d5 3. d3 dxe4 4. dxe4 Qxd1+ 5. Kxd1 Nf6 6. Nfd2 g5 7. Bd3 h5 8. Nb3 g4 9. N1d2 Bh6 10. Nc4 Be6 11. Bxh6 Rxh6 12. Ne5 Nbd7 13. Nxd7 Nxd7 14. Nd4 O-O-O 15. Nxe6 Rxe6 16. Kc1 Nc5 17. Bc4 Rf6 18. f3 gxf3 19. gxf3 Rxf3 20. Be2 Rf2 21. Bxh5 Rdd2 22. Bd1 Rxh2 23. Re1 e5 24. a4 Rd4 25. Bf3 Rc4 26. Re3 Rcxc2+ 27. Kd1 Rxb2 28. a5 Rbf2 29. Ke1 Kc7 30. Rc1 Ne6 0-1


[Site "https://www.chess.com"]

[Event "Titled Tuesday Blitz May 24 Late 2022"]
[White "Holt, Conrad"]
[Black "Jaracz, Pawel"]
[WhiteFideId "2034387"]
[BlackFideId "1102222"]
[WhiteElo "2586"]
[BlackElo "2429"]
[Result "1-0"]
[Round "04"]
[TimeControl "180+1"]
[Date "2022.05.24"]
[WhiteClock "0:00:12"]
[BlackClock "0:00:14"]

1. d4 Nf6 2. c4 e6 3. Nc3 Bb4 4. Qc2 c5 5. dxc5 O-O 6. a3 Bxc5 7. Bf4 Be7 8. Rd1 Nc6 9. e3 b6 10. Bd3 Bb7 11. Nf3 Rc8 12. O-O h6 13. Be2 Na5 14. Ne5 d6 15. b4 Nc6 16. Nb5 a6 17. Nxc6 Rxc6 18. Nxd6 Bxd6 19. Bf3 Qc8 20. Bxd6 Rxc4 21. Qe2 Bxf3 22. Qxf3 Rd8 23. Be5 Rxd1 24. Rxd1 Nd5 25. e4 Nc3 26. Qg4 g6 27. Qh4 Rxe4 28. Qd8+ Qxd8 29. Rxd8+ Kh7 30. Rh8# 1-0


[Site "https://www.chess.com"]

[Event "Titled Tuesday Blitz May 24 Late 2022"]
[White "Ibarra Jerez, Jose Carlos"]
[Black "Isajevsky, Anton"]
[WhiteFideId "2226332"]
[BlackFideId "4142500"]
[WhiteElo "2626"]
[BlackElo "2510"]
[Result "1-0"]
[Round "04"]
[TimeControl "180+1"]
[Date "2022.05.24"]
[WhiteClock "0:00:11"]
[BlackClock "0:00:01"]

1. e4 c5 2. Nc3 d6 3. d4 cxd4 4. Qxd4 e5 5. Qd2 Nf6 6. b3 Be7 7. Bb2 O-O 8. O-O-O Nc6 9. f4 a6 10. Nf3 b5 11. Bd3 Bb7 12. g4 exf4 13. Qxf4 Nd7 14. g5 Nce5 15. h4 Rc8 16. Kb1 Nxf3 17. Qxf3 Ne5 18. Qg3 Re8 19. Nd5 Bf8 20. h5 Bxd5 21. exd5 Nxd3 22. Rxd3 Qe7 23. g6 fxg6 24. hxg6 h6 25. Qf2 Rc7 26. Rf1 Qe2 27. Qxe2 Rxe2 28. Rdf3 Re8 29. Rf7 Rce7 30. Bc3 Re3 31. Kb2 Rg3 32. Ra7 Rxg6 33. Rxa6 h5 34. Rh1 Rh6 35. Bd2 Rh7 36. Bf4 h4 37. Rh3 Re4 38. Bd2 Rg4 39. Ra8 Rg3 40. Rh2 h3 41. Rf2 1-0


[Site "https://www.chess.com"]

[Event "Titled Tuesday Blitz May 24 Late 2022"]
[White "Jacobson, Brandon"]
[Black "Zakhartsov, Vladimir"]
[WhiteFideId "30901561"]
[BlackFideId "4145097"]
[WhiteElo "2362"]
[BlackElo "2428"]
[Result "0-1"]
[Round "04"]
[TimeControl "180+1"]
[Date "2022.05.24"]
[WhiteClock "0:00:52"]
[BlackClock "0:00:29"]

1. Nf3 c5 2. c4 Nf6 3. Nc3 Nc6 4. d4 cxd4 5. Nxd4 g6 6. e4 d6 7. Be2 Nxd4 8. Qxd4 Bg7 9. Be3 O-O 10. Qd2 a5 11. O-O-O a4 12. f3 Be6 13. Kb1 Rc8 14. Nd5 a3 15. b3 b5 16. Nxf6+ Bxf6 17. cxb5 Bc3 18. Qd3 Bxb3 19. Rc1 Qa5 20. Bd4 Bc2+ 21. Qxc2 Bxd4 22. Qb3 Bb2 23. Rxc8 Rxc8 24. Bc4 Qc7 25. Bxf7+ Kg7 26. Qe3 0-1


[Site "https://www.chess.com"]

[Event "Titled Tuesday Blitz May 24 Late 2022"]
[White "Janturin, Artur"]
[Black "Guzman, Christopher"]
[WhiteFideId "4130022"]
[BlackFideId "6405096"]
[WhiteElo "2409"]
[BlackElo "2244"]
[Result "1/2-1/2"]
[Round "04"]
[TimeControl "180+1"]
[Date "2022.05.25"]
[WhiteClock "0:00:14"]
[BlackClock "0:01:12"]

1. b3 Nf6 2. Bb2 d5 3. e3 e6 4. f4 a5 5. a3 Bd6 6. Nf3 O-O 7. Bd3 Ne4 8. O-O Nd7 9. Nc3 Ndc5 10. Be2 b6 11. Nb5 Be7 12. d3 Nd6 13. Nbd4 Bf6 14. Ne5 Bd7 15. Rf3 Rc8 16. Rh3 Bxe5 17. fxe5 Nf5 18. Nxf5 exf5 19. Rg3 Be6 20. Bd4 Nd7 21. b4 axb4 22. axb4 c5 23. bxc5 bxc5 24. Bc3 Ra8 25. d4 Qc7 26. Bd3 Rxa1 27. Qxa1 Rb8 28. Rf3 g6 29. Rf1 Qb6 30. dxc5 Qxc5 31. Bd4 Qc7 32. Rb1 Rxb1+ 33. Qxb1 Kg7 34. Qb2 h5 35. h3 h4 36. Qc3 Qb8 37. Qb2 Qa8 38. Bb5 Qb7 39. Bxd7 Qxd7 40. Qb8 Qc6 41. Qd8 Qxc2 42. Qf6+ Kf8 43. Qd8+ Kg7 44. Qf6+ Kf8 45. Qd8+ Kg7 1/2-1/2


[Site "https://www.chess.com"]

[Event "Titled Tuesday Blitz May 24 Late 2022"]
[White "Jia, Haoxiang"]
[Black "Riehle, Marco"]
[WhiteFideId "8602999"]
[BlackFideId "12904392"]
[WhiteElo "2613"]
[BlackElo "2462"]
[Result "1-0"]
[Round "04"]
[TimeControl "180+1"]
[Date "2022.05.24"]
[WhiteClock "0:00:53"]
[BlackClock "0:00:18"]

1. d4 d5 2. Nc3 e6 3. Bf4 c5 4. e3 Nf6 5. h3 Bd6 6. Bxd6 Qxd6 7. Nf3 O-O 8. Bd3 a6 9. O-O b5 10. dxc5 Qxc5 11. a4 b4 12. Ne2 Nbd7 13. Ng3 Re8 14. Qd2 e5 15. Bf5 Nf8 16. Rfd1 Bxf5 17. Nxf5 Rac8 18. Rac1 Qa5 19. Nd6 Qxa4 20. Nxc8 Rxc8 21. Nxe5 h6 22. b3 Qe8 23. Qd4 Ne6 24. Qxb4 Ng5 25. Nd3 Nfe4 26. Nf4 Nc3 27. Rd3 Qe5 28. Qd4 Qc7 29. Ra1 Ne6 30. Nxe6 fxe6 31. Qg4 Qb6 32. Kh1 Ne4 33. Rf1 Rxc2 34. Kg1 a5 35. Rd4 Rb2 36. Rc1 Kh7 37. Rxe4 dxe4 38. Qxe4+ g6 39. Qe5 Rxb3 40. Rc7+ Qxc7 41. Qxc7+ Kg8 42. Qxa5 Rb7 43. Qe5 h5 44. Qxe6+ Kh7 45. Kh2 h4 46. Qe4 Rf7 47. Qxh4+ Kg7 48. Qd4+ Kg8 49. Kg3 g5 50. Qd5 g4 51. hxg4 Kg7 52. g5 Rf8 53. f4 Rf7 54. f5 Rf8 55. Qe5+ Kg8 56. f6 Rf7 57. g6 Rxf6 58. Qe8+ Kg7 59. Qe7+ Kxg6 60. Qxf6+ Kh5 61. Qf5+ 1-0


[Site "https://www.chess.com"]

[Event "Titled Tuesday Blitz May 24 Late 2022"]
[White "Jorquera, Marcelo"]
[Black "Sailer, Mike"]
[WhiteFideId "3401197"]
[BlackFideId "2012901"]
[WhiteElo "2136"]
[BlackElo "2109"]
[Result "0-1"]
[Round "04"]
[TimeControl "180+1"]
[Date "2022.05.25"]
[WhiteClock "0:00:01"]
[BlackClock "0:00:02"]

1. e4 d5 2. exd5 Qxd5 3. Nc3 Qd6 4. g3 Nf6 5. Bg2 c6 6. Nf3 Bf5 7. O-O e6 8. d3 Be7 9. Qe2 O-O 10. Ne4 Qd8 11. Nh4 Bg6 12. Nxg6 hxg6 13. b3 Nbd7 14. Bb2 Qc7 15. Ng5 a5 16. a4 Nd5 17. h4 Bf6 18. d4 Bxg5 19. hxg5 Qd8 20. Qg4 Re8 21. Rfe1 Nb4 22. Re2 Nb6 23. Rae1 N6d5 24. Bf3 Ne7 25. Kg2 Nf5 26. Rh1 Qd6 27. Qh3 Kf8 28. Qg4 Nd5 29. Rh8+ Ke7 30. Rxe8+ Rxe8 31. c4 Nb4 32. Bc3 Kf8 33. Qe4 Kg8 34. Re1 Kf8 35. Rd1 Kg8 36. Bg4 Ne7 37. Bf3 Kf8 38. Qh4 Kg8 39. Rh1 Kf8 40. Qh8+ Ng8 41. d5 e5 42. Re1 cxd5 43. cxd5 Nxd5 44. Bxa5 e4 45. Bg4 Qe5 46. Bd2 e3 47. Bxe3 Nxe3+ 48. Rxe3 Qd5+ 49. Bf3 Qd7 50. Qh4 Rxe3 0-1


[Site "https://www.chess.com"]

[Event "Titled Tuesday Blitz May 24 Late 2022"]
[White "Joubert, Dantelle"]
[Black "Vivas Zamora, Fabian Ernesto"]
[WhiteFideId "14310813"]
[BlackFideId "3902480"]
[WhiteElo "1507"]
[BlackElo "1987"]
[Result "0-1"]
[Round "04"]
[TimeControl "180+1"]
[Date "2022.05.25"]
[WhiteClock "0:00:09"]
[BlackClock "0:00:12"]

1. Nf3 Nf6 2. c4 c5 3. g3 d5 4. cxd5 Nxd5 5. Bg2 Nc6 6. d4 cxd4 7. Nxd4 Ndb4 8. Nxc6 Qxd1+ 9. Kxd1 Nxc6 10. Bxc6+ bxc6 11. Nc3 e5 12. Be3 Rb8 13. b3 a5 14. Kc2 Ba3 15. Bd2 Bf5+ 16. e4 Bg6 17. g4 h5 18. h3 Ke7 19. Rae1 Rhd8 20. Rhg1 hxg4 21. hxg4 f6 22. f3 Bb4 23. Rd1 Bf7 24. Na4 c5 25. Bc1 c4 0-1


[Site "https://www.chess.com"]

[Event "Titled Tuesday Blitz May 24 Late 2022"]
[White "Karttunen, Mika"]
[Black "Mekhitarian, Krikor Sevag"]
[WhiteFideId "502081"]
[BlackFideId "2107660"]
[WhiteElo "2343"]
[BlackElo "2598"]
[Result "1-0"]
[Round "04"]
[TimeControl "180+1"]
[Date "2022.05.24"]
[WhiteClock "0:00:15"]
[BlackClock "0:00:06"]

1. d4 d5 2. c4 dxc4 3. e3 Nf6 4. Bxc4 e6 5. Nf3 c5 6. O-O a6 7. Be2 Nbd7 8. b3 b6 9. Bb2 Bb7 10. Nbd2 Be7 11. Nc4 b5 12. Nce5 cxd4 13. Nxd7 Qxd7 14. Qxd4 Qxd4 15. Bxd4 O-O 16. a4 b4 17. Ne5 Rfc8 18. Rfc1 Nd5 19. Bc4 Rc7 20. Kf1 Rac8 21. f3 Kf8 22. e4 Nc3 23. Bb6 Bd6 24. Bxc7 Rxc7 25. Nd3 a5 26. g3 g5 27. e5 Be7 28. Kf2 Rd7 29. Rc2 Kg7 30. Re1 h5 31. Rf1 Rd4 32. Ke1 h4 33. Rcf2 Nxa4 34. f4 Be4 35. fxg5 Bg6 36. Nf4 Nc3 37. Be2 hxg3 38. hxg3 Bxg5 39. Rh1 Ne4 40. Nxg6 Nxf2 41. Kxf2 Kxg6 42. Ra1 Bd8 43. Kf3 Bb6 44. Bc4 Rd2 45. Re1 Rf2+ 46. Ke4 Kg7 47. Rd1 Rg2 48. Rd7 Kg6 49. Kf3 Ra2 50. Bb5 Rc2 51. Rb7 Bd4 52. Ke4 Bc3 53. Be8 Re2+ 54. Kd3 Rxe5 55. Bxf7+ Kg5 56. Be8 Rd5+ 57. Ke4 Rd4+ 58. Ke3 Rd8 59. Bb5 Bd4+ 60. Ke4 Bc3 61. Bc4 Rd4+ 62. Ke3 e5 63. Rg7+ Kf6 64. Rg8 Rd1 65. g4 Rd4 66. g5+ Kf5 67. g6 Rg4 68. g7 Kf6 69. Rf8+ Ke7 70. g8=Q Rxg8 71. Rxg8 Kd6 72. Ke4 Bd4 73. Rc8 a4 74. bxa4 Kd7 75. Ra8 Kd6 76. Bb3 Kc5 77. Rb8 Bc3 78. Rb5+ Kc6 79. Rd5 Kb6 80. a5+ Kc6 81. Ba4+ Kb7 82. Rb5+ Ka6 83. Rd5 Bd4 84. Bb3 Bf2 85. Bc4+ Ka7 86. Rb5 Be1 87. Rxe5 b3 88. Bxb3 Ka6 89. Bc4+ Ka7 90. Rb5 Bf2 91. Kd3 Bg1 92. Kc2 Bf2 93. Kb3 Bd4 94. Ka4 Be3 95. Rd5 Ka8 96. Kb5 Ba7 97. Rd7 Bb8 98. Bd5# 1-0


[Site "https://www.chess.com"]

[Event "Titled Tuesday Blitz May 24 Late 2022"]
[White "Keller, Peter"]
[Black "Haas, Michael"]
[WhiteFideId "1272105"]
[BlackFideId "1629514"]
[WhiteElo "2275"]
[BlackElo "1982"]
[Result "1-0"]
[Round "04"]
[TimeControl "180+1"]
[Date "2022.05.25"]
[WhiteClock "0:01:37"]
[BlackClock "0:00:48"]

1. e4 e6 2. d4 d5 3. Nc3 Bb4 4. e5 c5 5. a3 Ba5 6. b4 cxd4 7. Qg4 Kf8 8. Nb5 Bc7 9. Qxd4 Bb6 10. Qd2 a6 11. Nd6 Nc6 12. Bb2 Nge7 13. Nf3 Ng6 14. c4 Ncxe5 15. Nxe5 Nxe5 16. Bxe5 f6 17. Bg3 Bc7 18. c5 1-0


[Site "https://www.chess.com"]

[Event "Titled Tuesday Blitz May 24 Late 2022"]
[White "Keymer, Vincent"]
[Black "Riff, Vincent"]
[WhiteFideId "12940690"]
[BlackFideId "617776"]
[WhiteElo "2548"]
[BlackElo "2377"]
[Result "1-0"]
[Round "04"]
[TimeControl "180+1"]
[Date "2022.05.24"]
[WhiteClock "0:00:09"]
[BlackClock "0:00:11"]

1. Nf3 Nf6 2. c4 e6 3. Nc3 Bb4 4. Qb3 c5 5. g3 O-O 6. Bg2 Bxc3 7. Qxc3 Nc6 8. O-O d6 9. a3 e5 10. b4 Nd4 11. Nxd4 exd4 12. Qd3 Rb8 13. e3 dxe3 14. dxe3 Ng4 15. Bb2 Ne5 16. Qc3 f6 17. f4 Nf7 18. Rad1 Qe7 19. h3 b5 20. bxc5 dxc5 21. cxb5 Rxb5 22. Rfe1 Be6 23. Qc1 h5 24. Kh2 Rfb8 25. Bc3 Rb3 26. e4 h4 27. g4 Qc7 28. e5 c4 29. exf6 Rxc3 30. Qxc3 Qxf4+ 31. Kh1 Ng5 32. fxg7 Rb3 33. Qe5 Rxh3+ 34. Bxh3 Nxh3 35. Rd8+ Kf7 36. Rf8+ Ke7 37. Rxf4 1-0


[Site "https://www.chess.com"]

[Event "Titled Tuesday Blitz May 24 Late 2022"]
[White "Kobalia, Mikhail"]
[Black "Galiana Fernandez, Adrian"]
[WhiteFideId "4119150"]
[BlackFideId "32010150"]
[WhiteElo "2667"]
[BlackElo "2133"]
[Result "1-0"]
[Round "04"]
[TimeControl "180+1"]
[Date "2022.05.25"]
[WhiteClock "0:01:36"]
[BlackClock "0:00:42"]

1. b3 Nf6 2. Bb2 c5 3. Nf3 Nc6 4. e3 g6 5. d4 cxd4 6. exd4 d5 7. c4 Bg7 8. Nc3 O-O 9. Be2 Bg4 10. O-O dxc4 11. d5 Nxd5 12. Nxd5 Bxb2 13. Rb1 Bg7 14. bxc4 Rb8 15. Qa4 Re8 16. Rfd1 Qa5 17. Qc2 e6 18. Ne3 Bxf3 19. Bxf3 Nd4 20. Qe4 Nxf3+ 21. Qxf3 Qc7 22. h4 h5 23. g4 hxg4 24. Qxg4 Kf8 25. h5 gxh5 26. Qxh5 Ke7 27. Re1 Qe5 28. Nd5+ Kd6 29. Rxe5 Bxe5 30. c5+ Kxd5 31. Rd1+ 1-0


[Site "https://www.chess.com"]

[Event "Titled Tuesday Blitz May 24 Late 2022"]
[White "Kopczynski, Michal"]
[Black "Kohler, Aran"]
[WhiteFideId "1124200"]
[BlackFideId "1002856"]
[WhiteElo "2235"]
[BlackElo "2250"]
[Result "1-0"]
[Round "04"]
[TimeControl "180+1"]
[Date "2022.05.25"]
[WhiteClock "0:00:25"]
[BlackClock "0:00:15"]

1. e4 e5 2. Nf3 Nc6 3. Bb5 Nf6 4. O-O Nxe4 5. Re1 Nd6 6. Nxe5 Nxe5 7. Rxe5+ Be7 8. Ba4 O-O 9. d4 Bf6 10. Re1 Re8 11. Rxe8+ Nxe8 12. c3 d5 13. Bf4 c6 14. Bc2 g6 15. Nd2 Ng7 16. Nf1 Bf5 17. Ne3 Bxc2 18. Qxc2 h5 19. Re1 Qd7 20. h3 Re8 21. Re2 Bd8 22. Be5 f6 23. Bf4 Kf7 24. c4 Ne6 25. cxd5 Nxf4 26. Rd2 Nxd5 27. Nc4 Re1+ 28. Kh2 Bc7+ 29. g3 Qf5 30. Qb3 b6 31. Ne3 Qe6 32. Ng2 Re2 33. Qc2 Rxd2 34. Qxd2 Kg7 35. h4 Ne7 36. Qc2 Qxa2 37. Qe4 Qf7 38. Ne1 Nd5 39. Nf3 Qe7 40. Qd3 f5 41. Ng5 Qd6 42. Qe2 Ne7 43. Ne6+ Kf6 44. Nf4 Qxd4 45. Qe6+ Kg7 46. Qxe7+ Kg8 47. Qxc7 Qxf2+ 48. Ng2 Qxb2 49. Qxc6 Qa2 50. Qxg6+ Kf8 51. Qxf5+ Ke7 52. Qg5+ Kd7 53. Qxh5 a5 54. Qf5+ Kc7 55. h5 a4 56. h6 a3 57. h7 Qb2 58. Qf7+ Kc6 59. Qg6+ Kb5 60. Qh5+ Ka6 61. h8=Q Qxh8 62. Qxh8 Ka5 63. Qa1 Ka4 64. g4 b5 65. g5 b4 66. g6 b3 67. g7 b2 68. Qa2 Kb4 69. g8=Q Kc3 70. Qxa3+ 1-0


[Site "https://www.chess.com"]

[Event "Titled Tuesday Blitz May 24 Late 2022"]
[White "Kostiukov, Alexandr"]
[Black "Terry, Renato"]
[WhiteFideId "14108100"]
[BlackFideId "3803457"]
[WhiteElo "2202"]
[BlackElo "2577"]
[Result "0-1"]
[Round "04"]
[TimeControl "180+1"]
[Date "2022.05.25"]
[WhiteClock "0:00:46"]
[BlackClock "0:00:21"]

1. g3 h5 2. Nf3 c5 3. c4 Nc6 4. Bg2 e5 5. d3 Be7 6. h4 Nh6 7. O-O Ng4 8. Nc3 d6 9. Nd5 Be6 10. a3 a5 11. Ng5 Bxg5 12. Bxg5 f6 13. Bd2 a4 14. b4 axb3 15. Qxb3 Ra7 16. Rfb1 Nd4 17. Qd1 Bd7 18. e3 Ba4 19. Qf1 Nb3 20. Ra2 Nxd2 21. Rxd2 Bc6 22. Qc1 Qa5 23. Nxf6+ Nxf6 24. Bxc6+ Ke7 25. Rxb7+ Rxb7 26. Bxb7 Rb8 27. Bf3 Qb6 28. Qc3 Qb1+ 29. Kg2 Rb3 30. Qa5 Rxd3 31. Qc7+ Kf8 32. Rxd3 Qxd3 33. Bd5 Nxd5 34. Qxd6+ Kf7 35. Qxd5+ Qxd5+ 36. cxd5 e4 37. Kf1 Ke7 38. a4 Kd6 39. Ke2 Kxd5 40. Kd2 Kc4 41. Kc2 Kb4 42. a5 Kxa5 43. Kc3 Kb5 44. g4 hxg4 45. h5 c4 46. Kd4 Kb4 47. Kxe4 c3 48. Kf4 c2 49. Kxg4 c1=Q 50. Kg5 Qc6 51. f4 Qf6+ 52. Kg4 Kc4 53. e4 Kd4 54. e5 Qe6+ 55. Kg5 Ke4 0-1


[Site "https://www.chess.com"]

[Event "Titled Tuesday Blitz May 24 Late 2022"]
[White "Koutlas, Nikolaos"]
[Black "Novikova, Galina"]
[WhiteFideId "25827138"]
[BlackFideId "4157095"]
[WhiteElo "1645"]
[BlackElo "1863"]
[Result "1-0"]
[Round "04"]
[TimeControl "180+1"]
[Date "2022.05.25"]
[WhiteClock "0:01:05"]
[BlackClock "0:00:43"]

1. e3 e6 2. c4 f5 3. Nc3 Nf6 4. b3 Be7 5. Bb2 O-O 6. Qc2 d6 7. O-O-O e5 8. f4 Nc6 9. Nf3 e4 10. Ng5 Ng4 11. d4 Nxe3 12. Qd2 Nxd1 13. Nxd1 Bf6 14. h4 a5 15. Ne3 h6 16. g4 fxg4 17. Nxe4 Be7 18. Bd3 a4 19. d5 Nb8 20. Bb1 Rxf4 21. Qd3 Na6 22. Ng5 Bxg5 23. Qh7+ Kf8 24. Qxg7+ Ke8 25. Bg6+ 1-0


[Site "https://www.chess.com"]

[Event "Titled Tuesday Blitz May 24 Late 2022"]
[White "Krishnan, Varun"]
[Black "Miszler, Levente"]
[WhiteFideId "5054508"]
[BlackFideId "763276"]
[WhiteElo "2536"]
[BlackElo "1966"]
[Result "1-0"]
[Round "04"]
[TimeControl "180+1"]
[Date "2022.05.25"]
[WhiteClock "0:02:10"]
[BlackClock "0:01:34"]

1. d4 Nf6 2. c4 e6 3. Nf3 b6 4. a3 Bb7 5. Nc3 Ne4 6. Qc2 f5 7. e3 Be7 8. Bd3 Nxc3 9. bxc3 O-O 10. O-O Qe8 11. e4 Qh5 12. Re1 f4 13. Rb1 g5 14. Ne5 d6 15. Be2 Qh6 16. Ng4 Qg6 17. Bd3 h5 18. e5 Qh6 19. Nxh6+ 1-0


[Site "https://www.chess.com"]

[Event "Titled Tuesday Blitz May 24 Late 2022"]
[White "Krstulovic, Alex"]
[Black "Lopez Gracia, Fernando"]
[WhiteFideId "760056"]
[BlackFideId "2207184"]
[WhiteElo "2193"]
[BlackElo "2409"]
[Result "0-1"]
[Round "04"]
[TimeControl "180+1"]
[Date "2022.05.25"]
[WhiteClock "0:00:45"]
[BlackClock "0:01:26"]

1. e4 e5 2. Nf3 Nc6 3. Bc4 Nf6 4. d3 Bc5 5. O-O O-O 6. c3 d6 7. Re1 a5 8. Bg5 h6 9. Bh4 g5 10. Bg3 Be6 11. Nbd2 Kg7 12. Bb3 Bxb3 13. Nxb3 Bb6 14. d4 Qe7 15. Qd2 a4 16. dxe5 dxe5 17. Nc1 Rfd8 18. Qe2 Nh5 19. Nd3 f6 20. Rad1 Rd7 21. Nh4 Nxg3 22. hxg3 gxh4 23. Qg4+ Kh8 24. Nf4 exf4 25. Rxd7 Ne5 0-1


[Site "https://www.chess.com"]

[Event "Titled Tuesday Blitz May 24 Late 2022"]
[White "Larino Nieto, David"]
[Black "Bas Mas, Jose Joaquin"]
[WhiteFideId "2256444"]
[BlackFideId "22219064"]
[WhiteElo "2532"]
[BlackElo "2233"]
[Result "1-0"]
[Round "04"]
[TimeControl "180+1"]
[Date "2022.05.25"]
[WhiteClock "0:00:09"]
[BlackClock "0:00:37"]

1. e4 c5 2. Nc3 Nc6 3. g3 g6 4. Bg2 Bg7 5. d3 e6 6. Be3 d6 7. f4 Nge7 8. Nf3 O-O 9. O-O a6 10. Bf2 b5 11. a3 Rb8 12. Qd2 b4 13. axb4 cxb4 14. Nd1 Bb7 15. g4 f5 16. Ng5 Qd7 17. gxf5 exf5 18. exf5 Nxf5 19. Bd5+ Kh8 20. Ne6 Rfe8 21. Nxg7 Kxg7 22. c3 Nce7 23. Be4 d5 24. Bg2 d4 25. cxd4 Bxg2 26. Kxg2 Ng8 27. Kg1 Qc6 28. d5 Qxd5 29. Rxa6 Nf6 30. Ne3 Nxe3 31. Bxe3 Ng4 32. Ra7+ Kg8 33. Bf2 Qf3 34. Qc2 Qh3 35. Qc4+ Kh8 36. Qd4+ Ne5 37. fxe5 Re6 38. Bh4 g5 39. Bg3 h5 40. Qe4 Rh6 41. e6 Qg4 42. Qe5+ Kg8 43. Qg7# 1-0


[Site "https://www.chess.com"]

[Event "Titled Tuesday Blitz May 24 Late 2022"]
[White "Lehtosaari, Mauri"]
[Black "Lopez Idarraga, Daniel Eduardo"]
[WhiteFideId "501999"]
[BlackFideId "4405501"]
[WhiteElo "2494"]
[BlackElo "2059"]
[Result "0-1"]
[Round "04"]
[TimeControl "180+1"]
[Date "2022.05.25"]
[WhiteClock "0:00:05"]
[BlackClock "0:00:38"]

1. d4 d5 2. Nf3 Nf6 3. Bg5 Ne4 4. Bf4 c5 5. e3 Qb6 6. Nc3 e6 7. Bxb8 Rxb8 8. Bb5+ Bd7 9. Bxd7+ Kxd7 10. Nxe4 dxe4 11. Ne5+ Ke8 12. dxc5 Qa5+ 13. c3 Rd8 14. Qh5 g6 15. Qg4 Qxc5 16. Qxe4 Bg7 17. f4 Bxe5 18. fxe5 Qd5 19. Qa4+ b5 20. Qc2 Qxe5 21. O-O Qxe3+ 22. Kh1 Rd2 23. Qb3 a6 24. a4 Qe2 25. Rg1 Rxb2 26. Qa3 b4 27. cxb4 Kf8 28. b5+ Kg7 29. bxa6 Ra8 30. Qc3+ Kg8 31. Raf1 Rbb8 32. Qc7 Rf8 33. Rf3 Qxa6 34. Rgf1 Qa7 35. Qd6 Qxa4 36. h3 Qa6 37. Qg3 Rad8 38. Kh2 Qd6 39. Rf4 Rd7 40. Kh1 Rc8 41. Qf3 Rcc7 42. Ra4 Kg7 43. Rf4 e5 44. Re4 f5 45. Ree1 e4 46. Qe3 Qd2 47. Qb6 Rc2 48. Rg1 Qf2 49. Qb5 Rcd2 50. Qa4 Qd4 51. Qc6 Qd6 52. Qc3+ Qf6 53. Qc1 R2d6 54. Qc4 Re6 55. Qc1 Rde7 56. Rgf1 e3 57. Re2 Qd4 58. Qe1 Re4 59. Qc1 Rd7 60. Ree1 e2 61. Rg1 Qd2 62. Qa1+ Kh6 63. Qf6 Qd6 64. Qc3 Qe5 65. Qc1+ Kg7 66. Qc2 Re7 67. Qc1 Rd4 68. Qc2 Qe4 69. Qc1 Rd3 70. Kh2 Rd4 71. Qa1 Qf4+ 72. Kh1 Qe5 73. Qc1 Re4 74. Qc2 Rd7 75. Qc1 Red4 76. Qb1 Qe4 77. Qa1 Kh6 78. Qc1+ Rd2 79. Kh2 f4 80. Kh1 R2d3 81. Kh2 Qe3 82. Qxe3 Rxe3 83. g3 f3 84. Rxe2 fxe2 85. Kh1 e1=Q 86. g4 Qxg1+ 87. Kxg1 Re2 88. Kf1 Ra2 89. g5+ Kxg5 90. Ke1 Kh4 91. Kf1 Rd1# 0-1


[Site "https://www.chess.com"]

[Event "Titled Tuesday Blitz May 24 Late 2022"]
[White "Levine, David"]
[Black "Villiers, Thomas"]
[WhiteFideId "2011611"]
[BlackFideId "427209"]
[WhiteElo "2100"]
[BlackElo "2164"]
[Result "1-0"]
[Round "04"]
[TimeControl "180+1"]
[Date "2022.05.25"]
[WhiteClock "0:00:28"]
[BlackClock "0:00:50"]

1. d4 Nf6 2. c4 e5 3. dxe5 Ng4 4. Bf4 Nc6 5. Nf3 Bb4+ 6. Nbd2 Qe7 7. e3 Ngxe5 8. Nxe5 Nxe5 9. Be2 O-O 10. O-O Re8 11. a3 Bd6 12. b4 Ng6 13. Bxd6 Qxd6 14. c5 Qf6 15. Nf3 a5 16. Qd4 Qxd4 17. Nxd4 Ne5 18. Rfd1 Nc6 19. Nb5 Re4 20. Bf3 Rc4 21. Nxc7 Ra7 22. Ne8 Ra8 23. Nd6 Rc2 24. b5 Ne5 25. Rdc1 Nxf3+ 26. gxf3 Rxc1+ 27. Rxc1 Kf8 28. Rc4 g6 29. Re4 b6 30. Re8+ Kg7 31. Rxc8 Rxc8 32. Nxc8 bxc5 33. b6 c4 34. b7 c3 35. b8=Q c2 36. Qb2+ Kg8 37. Qxc2 a4 38. Nd6 h5 39. Qe4 h4 40. Qe7 h3 41. Qxf7+ Kh8 42. Ne8 g5 43. Qg7# 1-0


[Site "https://www.chess.com"]

[Event "Titled Tuesday Blitz May 24 Late 2022"]
[White "Lopez Perdomo, Juan David"]
[Black "Ronka, Erik"]
[WhiteFideId "4405137"]
[BlackFideId "505080"]
[WhiteElo "1997"]
[BlackElo "2264"]
[Result "0-1"]
[Round "04"]
[TimeControl "180+1"]
[Date "2022.05.25"]
[WhiteClock "0:00:01"]
[BlackClock "0:00:19"]

1. e4 e5 2. Nf3 Nc6 3. Bb5 a6 4. Ba4 Nf6 5. d3 d6 6. h3 g6 7. c3 Bg7 8. Bg5 h6 9. Be3 O-O 10. O-O b5 11. Bc2 d5 12. Bc5 Re8 13. exd5 Nxd5 14. a4 Bb7 15. axb5 axb5 16. Rxa8 Bxa8 17. Re1 b4 18. Ba4 bxc3 19. bxc3 Re6 20. Bb3 Nce7 21. Nbd2 Nxc3 22. Qa1 Ncd5 23. Ne4 Bb7 24. Nc3 e4 25. Nd4 Ra6 26. Qc1 Nxc3 27. Qxc3 Nf5 28. Qc4 Nxd4 29. Bxd4 Bxd4 30. Qxf7+ Kh8 0-1


[Site "https://www.chess.com"]

[Event "Titled Tuesday Blitz May 24 Late 2022"]
[White "Maghsoodloo, Parham"]
[Black "Dubov, Daniil"]
[WhiteFideId "12539929"]
[BlackFideId "24126055"]
[WhiteElo "2630"]
[BlackElo "2791"]
[Result "0-1"]
[Round "04"]
[TimeControl "180+1"]
[Date "2022.05.24"]
[WhiteClock "0:00:02"]
[BlackClock "0:00:22"]

1. e4 c5 2. Nf3 Nc6 3. d4 cxd4 4. Nxd4 Nf6 5. Nc3 e5 6. Ndb5 d6 7. Nd5 Nxd5 8. exd5 Nb8 9. a4 Be7 10. Be2 O-O 11. O-O Nd7 12. Bd2 a6 13. Na3 a5 14. Kh1 Nc5 15. Bb5 Bf5 16. Nc4 Bg6 17. f4 exf4 18. Bxf4 Rc8 19. Qd2 Ne4 20. Qe2 Bg5 21. Bxg5 Qxg5 22. Nxa5 Rxc2 23. Qf3 Bh5 24. Qxe4 Bg6 25. Qf3 Bh5 26. Qg3 Qxd5 27. Bd3 Rd2 28. Rf5 Qd4 29. Rxh5 Rxd3 30. Qe1 Re3 31. Qf1 Rfe8 32. Rf5 Qb4 33. Rb5 Qh4 34. Rxb7 f6 35. Nc4 Re1 36. Rxe1 Rxe1 37. Rb8+ Kf7 38. Nxd6+ Kg6 0-1


[Site "https://www.chess.com"]